 Dungeon Crawl Stone Soup version 0.27.1-33-g824d729ab1 (webtiles) character file.

Game seed: 427303422223355715

1530 Cykl0x the Covered (level 8, -2/48 HPs)
             Began as a Gargoyle Transmuter on Dec 12, 2021.
             Was an Initiate of the Shining One.
             Killed from afar by Maggie (17 damage)
             ... with a bolt of fire
             ... on level 6 of the Dungeon.
             The game lasted 00:13:28 (7454 turns).

Cykl0x the Covered (Gargoyle Transmuter)            Turns: 7454, Time: 00:13:28

Health: -2/48      AC: 12    Str: 15    XL:     8   Next: 85%
Magic:  10/13      EV: 15    Int: 21    God:    the Shining One [......]
Gold:   442        SH:  0    Dex: 10    Spells: 4/14 levels left

rFire    . . .     SeeInvis .   t - +0 long sword
rCold    . . .     Faith    .   (no shield)
rNeg     + . .     Spirit   .   o - +1 ring mail
rPois    ∞         Reflect  .   (helmet currently unavailable)
rElec    +         Harm     .   (no cloak)
rCorr    .         Rampage  .   (no gloves)
Will     .....                  (boots currently unavailable)
Stlth    ..........             (no amulet)
HPRegen  0.16/turn              f - +6 ring of intelligence
MPRegen  0.13/turn              k - +4 ring of evasion

@: appendages, mesmerised, very slightly contaminated, glowing
A: horns 2, talons 2, sickness immunity, AC +5, negative energy resistance 1,
electricity resistance, torment resistance 1, petrification resistance
a: End Transformation, Renounce Religion


You were on level 6 of the Dungeon.
You worshipped the Shining One.
The Shining One was noncommittal.
You had temporarily grown beastly horns and talons.
You visited 2 branches of the dungeon, and saw 7 of its levels.
You also visited: Sewer.

You collected 442 gold pieces.

Inventory:

Hand Weapons
 c - a +1 short sword
 t - a +0 long sword (weapon)
Missiles
 s - 42 poisoned darts
Armour
 a - a +0 robe
 j - a +0 kite shield
 l - a +0 leather armour
 o - a +1 ring mail (worn)
Jewellery
 b - a ring of positive energy
 f - a +6 ring of intelligence (left hand)
 k - a +4 ring of evasion (right hand)
 w - a +4 ring of evasion
Wands
 x - a wand of polymorph (11)
Scrolls
 e - 3 scrolls of teleportation
 n - a scroll of amnesia
 r - a scroll of enchant weapon
 u - a scroll of fear
Potions
 d - 2 potions of invisibility
 g - 2 potions of curing
 h - 4 potions of attraction {unknown}
 i - 2 potions of lignification {unknown}
 m - a potion of resistance {unknown}
 p - a potion of haste
 q - a potion of brilliance {unknown}
 v - 2 potions of might {unknown}


   Skills:
 * Level 4.3 Fighting
 - Level 1.3(3.2) Short Blades
 * Level 4.5(4.6) Long Blades
 * Level 4.6 Armour
 + Level 2.5 Dodging
 + Level 2.0 Shields
 - Level 3.0 Unarmed Combat
 + Level 3.9 Spellcasting
 * Level 1.8 Conjurations
 + Level 3.5 Transmutations
 * Level 1.8 Invocations


You had 4 spell levels left.
You knew the following spells:

 Your Spells              Type           Power      Damage    Failure   Level
a - Beastly Appendage     Tmut           36%        N/A       5%          1
b - Wereblood             Tmut           18%        N/A       8%          2
c - Orb of Destruction    Conj           6%         9d3       100%        7

Your spell library contained the following spells:

 Spells                   Type           Power      Damage    Failure   Level
 Animate Skeleton         Necr           8%         N/A       22%         1
 Pain                     Necr           16%        1d4       22%         1
 Spider Form              Tmut/Pois      5%         N/A       32%         3
 Vampiric Draining        Necr           2%         2d6       56%         3
 Ice Form                 Ice/Tmut       11%        N/A       73%         4
 Iskenderun's Battlesphe  Conj           12%        2d7       96%         5
 Fireball                 Conj/Fire      4%         3d4       99%         5
 Conjure Ball Lightning   Conj/Air       4%         3x3d6     100%        6


Dungeon Overview and Level Annotations

Branches:
Dungeon (6/15)             Temple (1/1) D:5           Sewer (visited)

Altars:
Ashenzari
Cheibriados
Dithmenos
Elyvilon
Fedhas
Gozag
Kikubaaqudgha
Makhleb
Nemelex Xobeh
Okawaru
Qazlal
Ru
Sif Muna
Trog
Uskayaw
Vehumet
Wu Jian
Xom
Yredelemnul
Zin
The Shining One

Shops:
D:2 [=[

Annotations:
D:6 Maggie


Innate Abilities, Weirdness & Mutations

You have temporarily grown beastly horns and talons.
You are immune to sickness and miasma.
Your stone body is resilient. (AC +5)
You are immune to poison.
You resist negative energy. (rN+)
You are resistant to electric shocks. (rElec)
You are resistant to unholy torment.
You are immune to petrification.


Message History

There is an open door here.
You open the door.
An orc comes into view. It is wielding a +0 falchion.
The orc shouts!
The orc moves out of view.
Maggie the Vainglorious comes into view.
She is wielding a +1 halberd of flaming.
Maggie says, "How do the people who live here stand the isolation?"
There is an open door here.
The orc hits you but does no damage.
You grow a pair of large bovine horns.
Your feet morph into talons.
The orc misses you.
You riposte.
You barely miss the orc. Your kick misses the orc.
Casting: Beastly Appendage (safe; 5% risk of failure)
Confirm with . or Enter, or press ? or * to list all spells.
You miscast Wereblood.
You are very lightly contaminated with residual magic.
Nothing appears to happen.
The orc hits you with a +0 falchion.
You closely miss the orc.
Maggie says, "Leave now, and tell all of Margery's mercy!"
The orc misses you.
You hit the orc.
You kill the orc!
Maggie casts a spell at you. The bolt of fire hits you!!
Maggie casts a spell.
Maggie attempts to bespell you!
You are mesmerised by Maggie!
Your divine halo glows too radiantly to become invisible.
Maggie hits you from afar with a +1 halberd of flaming!
Maggie burns you.
Things that are here:
a +0 falchion; an orc corpse Maggie hits you with a +1 halberd of flaming!
* * * LOW HITPOINT WARNING * * *
Maggie burns you.
* * * LOW HITPOINT WARNING * * *
You feel better. Maggie casts a spell at you. The bolt of fire hits you!
You die...

# #..# .......####..
..##.###.@####
#.........##
......'......#
#.........#.
......#......+
#.........#. #####
#.....#####..[......#.
#.....##..#.........#.
###'####..#.........#.
#...@.)...#.........#.
#....@#####.........#.
... #.....#.............#
....###'###..........(..#
........................#
........................#
........................#
.........†.#+#######....#
####.......# +....#
+.......# #....#


You could see Maggie (mesmerising).

Vanquished Creatures
  Prince Ribbit (D:5)
  A water moccasin (Sewer)
  A sky beast (D:6)
  A black bear (D:6)
  2 ice beasts
  An ogre (D:5)
  A phantom (D:6)
  A kobold brigand (D:6)
  A bullfrog (D:6)
  A scorpion (D:6)
  A water moccasin zombie (D:5)
  A howler monkey (D:5)
  A bullfrog zombie (D:6)
  A bullfrog skeleton (D:5)
  A centaur zombie (D:5)
  3 orc priests
  A hound (D:3)
  An iguana (D:5)
  A hound zombie (D:5)
  A hound skeleton (D:5)
  6 adders
  An adder skeleton (D:4)
  5 worms
  2 dart slugs
  14 orcs
  11 bats
  3 endoplasms
  5 giant cockroaches
  A goblin (D:3)
  8 hobgoblins
  4 quokkas
  7 ball pythons
  3 frilled lizards
  8 kobolds
  4 rats
105 creatures vanquished.

Notes
Turn   | Place    | Note
-------+----------+-------------------------------------------
     0 | D:1      | Cykl0x the Gargoyle Transmuter began the quest for the Orb.
     0 | D:1      | Reached XP level 1. HP: 12/12 MP: 3/3
   405 | D:1      | Reached XP level 2. HP: 12/16 MP: 3/5
   752 | D:1      | Learned a level 2 spell: Wereblood
  1649 | D:1      | Reached XP level 3. HP: 20/20 MP: 4/6
  1788 | D:2      | Reached skill level 1 in Armour
  1891 | D:2      | Found Avuice's Armour Emporium.
  2870 | D:2      | Found Zisifugow's Antique Armour Shop.
  2884 | D:2      | Found Myllol's Jewellery Shoppe.
  3294 | D:3      | Reached XP level 4. HP: 26/26 MP: 4/7
  4001 | D:3      | Reached skill level 1 in Shields
  4022 | D:3      | Reached XP level 5. HP: 29/30 MP: 4/8
  4026 | D:3      | Reached skill level 1 in Short Blades
  4525 | D:4      | Found a glowing drain.
  4594 | Sewer    | Entered a sewer
  4645 | Sewer    | Noticed a water moccasin
  4657 | Sewer    | Killed a water moccasin
  4658 | Sewer    | Reached skill level 1 in Long Blades
  4658 | Sewer    | Reached XP level 6. HP: 24/36 MP: 5/10
  5343 | D:5      | Entered Level 5 of the Dungeon
  5512 | D:5      | Reached XP level 7. HP: 41/41 MP: 8/11
  6145 | D:5      | Noticed Prince Ribbit
  6153 | D:5      | Killed Prince Ribbit
  6154 | D:5      | Reached XP level 8. HP: 42/48 MP: 11/13
  6163 | D:5      | Learned a level 7 spell: Orb of Destruction
  6273 | D:5      | Found a staircase to the Ecumenical Temple.
  6282 | Temple   | Entered the Ecumenical Temple
  6395 | Temple   | Became a worshipper of the Shining One
  6994 | D:6      | Reached skill level 1 in Conjurations
  6994 | D:6      | Reached skill level 1 in Invocations
  7438 | D:6      | Noticed Maggie
  7454 | D:6      | Killed from afar by Maggie

Illustrated notes

Levels and vault maps discovered:
D:1:      shiori_angband_town, layout_basic
D:2:      layout_basic, serial_shops, nicolae_shop_crystal, shop, shop,
          minivault_24, amcnicky_mini_corridor_feature
D:3:      layout_basic, kennysheep_generic_room_8
D:4:      layout_cave_pools, portal_sewer_entry_a
D:5:      layout_loops_ring, lemuel_temple_firewalk_b, uniq_prince_ribbit1
D:6:      layout_gridville, uniq_maggie
Temple:   kilobyte_greek_temple

Skill      XL: |  1  2  3  4  5  6  7  8 |
---------------+-------------------------+-----
Transmutations | 2 3 |  3.5
Armour         | 1 2 3 4 |  4.6
Fighting       | 2 3 4 |  4.3
Dodging        | 2 |  2.5
Shields        | 1 2 |  2.0
Short Blades   | 1 |  1.3
Long Blades    | 1 3 4 |  4.5
Spellcasting   | 3 |  3.9
Conjurations   | 1 |  1.8
Invocations    | 1 |  1.8
Unarmed Combat | |  3.0

Action                   |  1- 3 |  4- 6 |  7- 9 || total
-------------------------+-------+-------+-------++-------
Melee: Short sword       |   107 |   166 |       ||   273
       Unarmed           |    11 |       |       ||    11
       Kick              |    21 |    33 |    37 ||    91
       Headbutt          |    12 |    16 |    23 ||    51
       Punch             |       |     3 |       ||     3
       Long sword        |       |    25 |   118 ||   143
 Cast: Beastly Appendage |    25 |    25 |    17 ||    67
       Wereblood         |     7 |    19 |    12 ||    38
  Use: Scroll            |     5 |     6 |       ||    11
       Potion            |       |       |     1 ||     1
Armor: Robe              |    19 |       |       ||    19
       Leather armour    |    13 |     3 |       ||    16
       Ring mail         |       |    98 |    38 ||   136
Dodge: Dodged            |    85 |   193 |    99 ||   377
       Rpst.: Long sword |       |     4 |    34 ||    38
